 Dungeon Crawl Stone Soup version 0.21.1-1-g345015f (webtiles) character file.

439 troglodite the Skirmisher (level 6, 0/49 HPs)
             Began as a Demonspawn Berserker on June 14, 2018.
             Was a Priest of Trog.
             Slain by a jelly (2 damage)
             ... on level 4 of the Dungeon.
             The game lasted 00:09:26 (3812 turns).

troglodite the Skirmisher (Demonspawn Berserker)    Turns: 3812, Time: 00:09:26

Health: 0/49       AC:  1    Str: 21    XL:     6   Next: 70%
Magic:  6/6        EV: 10    Int:  9    God:    Trog [***...]
Gold:   197        SH:  0    Dex: 14    Spells: 5/5 levels left

rFire    . . .     SeeInvis .   a - +0 falchion
rCold    . . .     Gourm    .   (no shield)
rNeg     + . .     Faith    .   g - +0 chain mail (curse)
rPois    .         Spirit   .   (no helmet)
rElec    .         Reflect  .   (no cloak)
rCorr    .         Harm     .   (no gloves)
MR       .....                  (no boots)
Stlth    +.........             (no amulet)
HPRegen  0.16/turn              h - +4 ring of strength
MPRegen  0.10/turn              s - ring of positive energy

@: corroded, berserk cooldown
A: nightstalker 2, sturdy frame 2
a: Berserk, Trog's Hand, Burn Spellbooks, Renounce Religion


You were on level 4 of the Dungeon.
You worshipped Trog.
Trog was most pleased with you.
You were not hungry.

You visited 1 branch of the dungeon, and saw 4 of its levels.

You collected 197 gold pieces.

Inventory:

Hand Weapons
 a - a +0 falchion (weapon)
Armour
 g - a cursed +0 chain mail (worn)
Jewellery
 h - a +4 ring of strength (left hand)
 s - a ring of positive energy (right hand)
Wands
 l - a wand of digging (11)
Scrolls
 b - 3 scrolls of enchant weapon {unknown}
 d - 6 scrolls of identify {unknown}
 e - 2 scrolls of enchant armour {unknown}
 i - a scroll of magic mapping {unknown}
 j - a scroll of teleportation {unknown}
 k - a scroll of fear {unknown}
 n - 2 scrolls of remove curse {unknown}
 o - a scroll of random uselessness {unknown}
Potions
 f - a potion of curing
 m - a potion of magic {unknown}
 p - a potion of heal wounds {unknown}
 q - a potion of resistance {unknown}
 t - a potion of cancellation {unknown}
Comestibles
 c - 11 rations


   Skills:
 * Level 4.4 Fighting
 + Level 4.2 Long Blades
 * Level 3.6 Armour
 * Level 2.7 Dodging
 * Level 2.3 Stealth


You had 5 spell levels left.
You didn't know any spells.

Dungeon Overview and Level Annotations

Branches:
Dungeon (4/15)
 Temple: D:4-7

Altars:
Ashenzari
Sif Muna


Innate Abilities, Weirdness & Mutations

You are significantly more attuned to the shadows.
Your movements are less encumbered by armour. (ER -4)


Message History

You hit the jelly but do no damage.
Your hands burn!
The jelly is severely wounded.
The jelly hits you. The acid corrodes you!
You are splashed with acid!
The acid burns!
* * * LOW HITPOINT WARNING * * *
You hit the jelly. The acid corrodes you!
Your hands burn!
* * * LOW HITPOINT WARNING * * *
The jelly is almost dead.
The jelly hits you.
* * * LOW HITPOINT WARNING * * *
You are splashed with acid!
The acid burns!
* * * LOW HITPOINT WARNING * * *
You feel better. The jelly closely misses you.
You riposte.
You hit the jelly but do no damage.
The jelly is almost dead.
You hit the jelly but do no damage.
Your hands burn!
* * * LOW HITPOINT WARNING * * *
The jelly is almost dead.
The jelly hits you.
You die...

.#######
#...J@(##
########.#
#...)'..##
#....####
#.......#
#.......# .....
#.......#
#.....##.())...#
#.....###)....##


You could see a jelly.

Vanquished Creatures
  The ghost of EggBaby the Ruffian, an amateur NaTm (D:3)
  A centaur (D:3)
  A hound (D:3)
  A bullfrog skeleton (D:4)
  Terence (D:2)
  A worker ant zombie (D:3)
  7 adders
  An ooze (D:2)
  A worm (D:3)
  2 dart slugs
  2 leopard geckos
  10 orcs
  A ball python (D:3)
  7 giant cockroaches
  11 hobgoblins
  A jackal (D:2)
  2 quokkas
  9 bats
  6 frilled lizards
  9 goblins
  18 kobolds
  A quokka zombie (D:3)
  11 rats
105 creatures vanquished.

Notes
Turn   | Place    | Note
-------+----------+-------------------------------------------
     0 | D:1      | troglodite the Demonspawn Berserker began the quest for the Orb.
     0 | D:1      | Reached XP level 1. HP: 18/18 MP: 1/1
   250 | D:1      | Gained mutation: You are slightly more attuned to the shadows. [demonic ancestry]
   250 | D:1      | Reached XP level 2. HP: 24/24 MP: 2/2
   726 | D:2      | Reached ** piety under Trog
   781 | D:2      | Reached XP level 3. HP: 28/29 MP: 3/3
   878 | D:2      | Reached skill level 1 in Stealth
  1092 | D:2      | Found a deep blue altar of Sif Muna.
  1158 | D:2      | Noticed Terence
  1165 | D:2      | Killed Terence
  1165 | D:2      | Gained mutation: Your movements are slightly less encumbered by armour. (ER -2) [demonic ancestry]
  1165 | D:2      | Reached XP level 4. HP: 37/37 MP: 4/4
  1292 | D:2      | Found a shattered altar of Ashenzari.
  2196 | D:3      | Noticed EggBaby's ghost (amateur NaTm)
  2498 | D:3      | Killed EggBaby's ghost
  2498 | D:3      | Gained mutation: Your movements are less encumbered by armour. (ER -4) [demonic ancestry]
  2498 | D:3      | Reached XP level 5. HP: 42/42 MP: 5/5
  3250 | D:3      | Reached *** piety under Trog
  3431 | D:3      | Gained mutation: You are significantly more attuned to the shadows. [demonic ancestry]
  3431 | D:3      | Reached XP level 6. HP: 48/48 MP: 6/6
  3810 | D:4      | HP: 1/49 [acid (8)]
  3812 | D:4      | Slain by a jelly

Skill      XL: |  1  2  3  4  5  6 |
---------------+-------------------+-----
Armour         | 2 3 |  3.6
Long Blades    | 3 4 |  4.2
Dodging        | 2 |  2.7
Stealth        | 1 2 |  2.3
Fighting       | 4 |  4.4

Action                   |  1- 3 |  4- 6 || total
-------------------------+-------+-------++-------
Melee: Falchion          |    91 |   223 ||   314
Invok: Berserk           |     2 |     9 ||    11
       Burn Spellbooks   |       |     1 ||     1
  Use: Potion            |       |     2 ||     2
  Eat: Chunk             |     2 |    18 ||    20
Armor: Animal skin       |     4 |       ||     4
       Chain mail        |    52 |   140 ||   192
Dodge: Dodged            |    58 |   182 ||   240
       Rpst.: Falchion   |    22 |    61 ||    83
